 Dungeon Sprint DCSS version 0.19-a0-74-g8fff883 (webtiles) character file.

103 Kathua the Skirmisher (level 4, -8/39 HPs)
             Began as a Demonspawn Fighter on May 10, 2016.
             Mangled by a hill giant
             ... wielding a +0 giant spiked club
              (10 damage)
             ... in the Dungeon (Sprint IX: "|||||||||||||||||||||||||||||").
             The game lasted 00:00:22 (137 turns).

Kathua the Skirmisher (Demonspawn Fighter)           Turns: 137, Time: 00:00:23

Health: -8/39      AC:  7    Str: 16    XL:     4   Next: 51%
Magic:  4/4        EV:  7    Int:  9    God:
Gold:   0          SH:  9    Dex: 14    Spells: 0 memorised, 3 levels left

rFire  . . .     SeeInvis .     a - +0 flail
rCold  . . .     Gourm    .     b - +0 scale mail
rNeg   . . .     Faith    .     c - +0 shield
rPois  .         Spirit   .     (helmet restricted)
rElec  .         Dismiss  .     (no cloak)
rCorr  .         Reflect  .     (no gloves)
SustAt .         Harm     .     (no boots)
MR     .....     NoTele   +     (no amulet)
Stlth  ..........               (no ring)
                                (no ring)

@: not resistant to hostile enchantments, extremely unstealthy
A: antennae 1
a: no special abilities


You were in the Dungeon.
You were not hungry.

You visited 1 branch

Inventory:

Hand Weapons
 a - a +0 flail (weapon)
Armour
 b - a +0 scale mail (worn)
 c - a +0 shield (worn)
Jewellery
 o - a +3 ring of dexterity
 p - a +3 ring of strength
Wands
 n - a wand of iceblast (7/15)
Scrolls
 k - 2 scrolls of blinking
 l - 3 scrolls of remove curse
 m - 2 scrolls of amnesia
Potions
 d - a potion of might
 e - 5 potions of curing
 g - 3 potions of heal wounds
 h - a potion of haste
 i - 4 potions of magic
 j - a potion of invisibility
Comestibles
 f - a bread ration


   Skills:
 + Level 5.1 Fighting
 * Level 4.3 Maces & Flails
 + Level 4.9 Armour
 + Level 0.3 Dodging
 + Level 5.1 Shields


You had 3 spell levels left.
You didn't know any spells.

Dungeon Overview and Level Annotations

Branches:
Dungeon (1/1)

Altars:
Cheibriados
Dithmenos
Elyvilon
Fedhas
Gozag
Kikubaaqudgha
Makhleb
Nemelex Xobeh
Okawaru
Pakellas
Qazlal
Ru
Sif Muna
Trog
Vehumet
Xom
Yredelemnul
Zin
The Shining One
Beogh
Jiyva
Lugonu


Innate Abilities, Weirdness & Mutations

You have a pair of small antennae on your head.


Message History

You see here a +0 plate armour.
o - a +3 ring of dexterity
p - a +3 ring of strength As you open the door, it creaks loudly!
A giant gecko, 2 giant frogs, a big kobold, an orc and a hill giant come into view.
The orc shouts!
The hill giant shouts!
The giant gecko bites you but does no damage.
You hit the giant gecko but do no damage.
The giant gecko barely misses you.
You closely miss the giant gecko. The giant gecko bites you.
Your shield prevents you from hitting the hill giant.
The hill giant hits you with a giant spiked club!!
Ouch! That really hurt!
* * * LOW HITPOINT WARNING * * *
You hit the hill giant.
The hill giant is lightly wounded.
You thump the hill giant!
The hill giant is moderately wounded.
The hill giant hits you with a giant spiked club!
You die...

▓.▓
▓F▓
▓F▓
▓o▓
▓K▓
▓l▓
▓C▓
▓@▓
▓.▓
▓[▓
▓[▓
▓[▓
▓)▓
▓|▓
▓.▓
▓.▓


You could see a hill giant, a big kobold, 2 giant frogs, an orc and a giant
gecko.

Vanquished Creatures
  A phantom (D)
  An adder (D)
  2 orcs (D)
  2 hobgoblins (D)
  A giant cockroach zombie (D)
  2 kobolds (D)
  A rat (D)
10 creatures vanquished.

Notes
Turn   | Place    | Note
--------------------------------------------------------------
     0 | D        | Kathua the Demonspawn Fighter began the quest for the Orb.
     0 | D        | Reached XP level 1. HP: 18/18 MP: 1/1
    66 | D        | Noticed a phantom
    75 | D        | Killed a phantom
    75 | D        | Reached skill level 5 in Fighting
    75 | D        | Gained mutation: You have a pair of small antennae on your head. [demonic ancestry]
    75 | D        | Reached XP level 2. HP: 27/27 MP: 2/2
    75 | D        | Reached XP level 3. HP: 33/33 MP: 3/3
    75 | D        | Reached XP level 4. HP: 39/39 MP: 4/4
    79 | D        | Reached skill level 5 in Shields
    92 | D        | Found a glowing silver altar of Zin.
    92 | D        | Found a glowing golden altar of the Shining One.
    92 | D        | Found an ancient bone altar of Kikubaaqudgha.
    92 | D        | Found a basalt altar of Yredelemnul.
    92 | D        | Found a shimmering altar of Xom.
    92 | D        | Found a radiant altar of Vehumet.
    93 | D        | Found an iron altar of Okawaru.
    94 | D        | Found a burning altar of Makhleb.
    95 | D        | Found a deep blue altar of Sif Muna.
    96 | D        | Found a bloodstained altar of Trog.
    97 | D        | Found a sparkling altar of Nemelex Xobeh.
    98 | D        | Found a white marble altar of Elyvilon.
    99 | D        | Found a roughly hewn altar of Beogh.
   100 | D        | Found a viscous altar of Jiyva.
   101 | D        | Found a corrupted altar of Lugonu.
   102 | D        | Found a blossoming altar of Fedhas.
   103 | D        | Found a snail-covered altar of Cheibriados.
   104 | D        | Found a shadowy altar of Dithmenos.
   105 | D        | Found a stormy altar of Qazlal.
   106 | D        | Found an opulent altar of Gozag.
   107 | D        | Found a sacrificial altar of Ru.
   108 | D        | Found an oddly glowing altar of Pakellas.
   132 | D        | Noticed a giant frog
   132 | D        | Noticed a giant frog
   132 | D        | Noticed a big kobold
   132 | D        | Noticed a hill giant
   137 | D        | Mangled by a hill giant

Vault maps used:
D:        linesprint

Skill      XL: |  1  2  3  4 |
---------------+-------------+-----
Maces & Flails | 4 |  4.3
Shields        | 4 5 |  5.1
Armour         | 4 |  4.9
Fighting       | 5 |  5.1
Dodging        | |  0.3

Action                   |  1- 3 |  4- 6 || total
-------------------------+-------+-------++-------
Melee: Flail             |    26 |    15 ||    41
  Use: Potion            |     1 |       ||     1
Armor: Scale mail        |     7 |     6 ||    13
Dodge: Dodged            |     4 |     3 ||     7
Block: Shield            |     6 |     4 ||    10
